 Dungeon Crawl Stone Soup version 0.31-a0-198-g2ad674f65e (webtiles) character file.

Game seed: 3154065042716576939

611 qw the Skirmisher (level 7, 0/40 HPs)
             Began as a Deep Elf Hunter on June 25, 2023.
             Was an Initiate of Okawaru.
             Succumbed to a scorpion's poison
             ... on level 5 of the Dungeon.
             The game lasted 00:01:34 (4325 turns).

qw the Skirmisher (Deep Elf Hunter)                 Turns: 4325, Time: 00:01:34

Health: 0/40       AC: 13    Str: 10    XL:     7   Next: 20%
Magic:  9/9        EV: 11    Int: 14    God:    Okawaru [......]
Gold:   255        SH:  0    Dex: 18    Spells: 6/6 levels left

rFire   . . .        Y - +0 shortbow
rCold   . . .        (shield currently unavailable)
rNeg    + . .        i - +2 ring mail
rPois   .            o - +0 helmet
rElec   .            (no cloak)
rCorr   .            (no gloves)
SInv    .            q - +0 pair of boots
Will    .....        (no amulet)
Stlth   +            f - +4 ring of protection
HPRegen 0.26/turn    l - ring of positive energy
MPRegen 0.11/turn

%: no passive effects
@: lethally poisoned (0 -> -6), about to teleport
A: no striking features
a: Renounce Religion


You were on level 5 of the Dungeon.
You worshipped Okawaru.
Okawaru was noncommittal.
You visited 2 branches of the dungeon, and saw 6 of its levels.

You collected 255 gold pieces.


   Skills:
 - Level 2.0 Fighting
 + Level 10.7 Ranged Weapons
 - Level 1.0 Armour
 - Level 3.3 Dodging
 - Level 1.2 Stealth


You had 6 spell levels left.
You didn't know any spells.
Your spell library was empty.

Inventory:

Hand Weapons
 Y - a +0 shortbow (weapon)
Armour
 i - a +2 ring mail (worn)
 o - a +0 helmet (worn)
 q - a +0 pair of boots (worn)
Jewellery
 f - a +4 ring of protection (left hand)
 l - a ring of positive energy (right hand)
 n - a ring of fire
Scrolls
 h - 2 scrolls of teleportation
Potions
 a - a potion of haste {unknown}
 c - a potion of lignification {unknown}
 d - a potion of ambrosia {unknown}
 e - a potion of invisibility {unknown}
 g - a potion of resistance {unknown}
 j - a potion of mutation {unknown}
 k - a potion of enlightenment {unknown}
 m - a potion of attraction {unknown}
 p - a potion of might {unknown}

Dungeon Overview and Level Annotations

Branches:
Dungeon (5/15)             Temple (1/1) D:4

Altars:
Cheibriados
Elyvilon
Fedhas
Gozag
Makhleb
Nemelex Xobeh
Okawaru
Qazlal
Ru
Trog
Vehumet
Wu Jian
Xom
Zin

Shops:
D:1 =

Annotations:
D:4 3 runed translucent doors, qw's ghost, amateur DEHu


Message History

The arrow hits the yak but does no damage.
The yak is heavily wounded.
A yak comes into view.
The yak gores you but does no damage.
You shoot an arrow. The arrow closely misses the yak.
The yak closely misses you.
You shoot an arrow. The arrow hits the yak.
The yak is heavily wounded.
The yak barely misses you.
A yak comes into view.
You shoot an arrow. The yak bellows!
The arrow hits the yak!
The yak is severely wounded.
The scorpion stings you but does no damage.
The yak gores you but does no damage.
You shoot an arrow. The arrow hits the yak!
The yak is almost dead.
The scorpion barely misses you. The yak misses you.
You shoot an arrow. The arrow hits the yak.
You kill the yak!
Okawaru is honoured by your kill. The scorpion stings you.
You are poisoned.
The scorpion poisons you! The scorpion barely misses you.
You have reached level 7!
You shoot an arrow. The arrow hits the yak.
The yak is lightly wounded.
You feel very sick. The yak barely misses you. The yak gores you!
The scorpion closely misses you.
You shoot an arrow. The arrow barely misses the yak.
You feel sick. The yak gores you.
The scorpion stings you but does no damage.
You shoot an arrow. The arrow hits the yak.
The yak is lightly wounded.
You feel sick. The scorpion closely misses you. The yak gores you! x2
4325 ||| READING 3 scrolls of teleportation.
As you read the scroll of teleportation, it crumbles to dust.
You feel strangely unstable.
You die...

#........ ##
........######........
.........##..........#
...............# ....
))..#.........# ...#
...#_#.......## ...#
.#..#.........## ..#
##.............##YY###..
###.........#..@sY....#
#......#..###..Y....##
#.....##..# ##.....##
#......##..# #.....#
#......##... #.......
#.......##...# ....###..
#........#.... ...## .
..................#
.......


You could see 4 yaks and a scorpion.

Vanquished Creatures
  A yak (D:5)
  An ice beast (D:4)
  A phantom (D:4)
  A hound (D:4)
  Ijyb (D:4)
  3 orc wizards
  An iguana (D:4)
  Robin (D:3)
  5 adders
  3 worms
  3 dart slugs
  9 orcs
  5 endoplasms
  4 giant cockroaches
  8 hobgoblins
  2 jackals (D:4)
  2 quokkas
  6 ball pythons
  4 bats
  4 frilled lizards
  6 goblins
  8 kobolds
  3 rats
82 creatures vanquished.

Notes
Turn   | Place    | Note
-------+----------+-------------------------------------------
     0 | D:1      | qw the Deep Elf Hunter began the quest for the Orb.
     0 | D:1      | Reached XP level 1. HP: 12/12 MP: 3/3
     0 | D:1      | 0 ||| qw: Version: 0.3-a-22-g0ed2b0b
     0 | D:1      | 0 ||| qw: Game counter: 4894
     0 | D:1      | 0 ||| qw: Melee chars always use a shield: true
     0 | D:1      | 0 ||| qw: God list: Okawaru
     0 | D:1      | 0 ||| qw: Allow faded altars: false
     0 | D:1      | 0 ||| qw: Do Orc after clearing Dungeon:15 true
     0 | D:1      | 0 ||| qw: Do second Lair branch before Depths: true
     0 | D:1      | 0 ||| qw: Lair rune preference: random
     0 | D:1      | 0 ||| qw: Goals: Normal
     0 | D:1      | 0 ||| PLANNING D:1-11
   355 | D:1      | Found Xoabon's Jewellery Shop.
   366 | D:1      | 366 ||| SHOPLISTING +4 ring of protection (432 gold, have
                  | 22).
   366 | D:1      | 366 ||| SHOPLISTING amulet of faith (480 gold, have 22).
   366 | D:1      | 366 ||| SHOPLISTING amulet of the acrobat (360 gold, have
                  | 22).
   366 | D:1      | 366 ||| SHOPLISTING ring of Twilight {rElec rF+ MP+9 Str+4
                  | Stlth+} (829 gold, have 22).
   366 | D:1      | 366 ||| SHOPLISTING ring of fire (300 gold, have 22).
   366 | D:1      | 366 ||| SHOPLISTING ring of ice (300 gold, have 22).
   366 | D:1      | 366 ||| SHOPLISTING ring of poison resistance (240 gold,
                  | have 22).
   366 | D:1      | 366 ||| SHOPLISTING ring of protection from fire (300 gold,
                  | have 22).
   367 | D:1      | Reached XP level 2. HP: 16/16 MP: 4/4
   376 | D:1      | Reached skill level 6 in Ranged Weapons
   756 | D:1      | Found a faded altar of an unknown god.
   851 | D:1      | 851 ||| UPGRADING to +1 robe of willpower.
   861 | D:1      | 861 ||| UPGRADING to +4 ring of protection.
   862 | D:1      | 862 ||| READING scroll labelled QIMARA YRAEFRE.
   863 | D:1      | 863 ||| READING scroll labelled XOLUREBRYL.
   864 | D:1      | 864 ||| DROPPING scroll of butterflies.
   939 | D:2      | Reached XP level 3. HP: 20/20 MP: 5/5
  1045 | D:2      | Reached skill level 7 in Ranged Weapons
  1813 | D:2      | Reached XP level 4. HP: 25/25 MP: 6/6
  1820 | D:2      | 1820 ||| DROPPING +0 leather armour.
  1821 | D:2      | 1821 ||| UPGRADING to +0 ring mail.
  1831 | D:2      | 1831 ||| DROPPING +1 robe of willpower.
  1832 | D:2      | 1832 ||| READING scroll labelled ELOUFUTSERPH.
  1836 | D:2      | 1836 ||| READING scroll labelled KUNEGA JEMMIUNN.
  2056 | D:3      | 2056 ||| READING scroll of enchant armour.
  2056 | D:3      | 2056 ||| ENCHANTING +0 ring mail.
  2089 | D:3      | 2089 ||| READING scroll of enchant armour.
  2089 | D:3      | 2089 ||| ENCHANTING +1 ring mail.
  2115 | D:3      | 2115 ||| FLEEEEING.
  2119 | D:3      | 2119 ||| FLEEEEING.
  2121 | D:3      | 2121 ||| FLEEEEING.
  2122 | D:3      | 2122 ||| FLEEEEING.
  2140 | D:3      | Reached skill level 8 in Ranged Weapons
  2305 | D:3      | You fall into a shaft and drop 1 floor!
  2324 | D:4      | Noticed a phantom
  2331 | D:4      | Killed a phantom
  2332 | D:4      | Reached skill level 9 in Ranged Weapons
  2332 | D:4      | Reached XP level 5. HP: 15/29 MP: 7/7
  2637 | D:4      | Found a staircase to the Ecumenical Temple.
  2638 | D:4      | 2638 ||| PLANNING TEMPLE
  2638 | D:4      | 2638 ||| UPGRADING to ring of positive energy.
  2639 | D:4      | 2639 ||| DRINKING 2 pink potions.
  2640 | D:4      | 2640 ||| DRINKING 2 puce potions.
  2641 | D:4      | 2641 ||| DROPPING potion of brilliance.
  2650 | Temple   | Entered the Ecumenical Temple
  2960 | Temple   | 2960 ||| PLANNING D:1-11
  2984 | D:4      | Noticed an ice beast
  2993 | D:4      | Killed an ice beast
  2994 | D:4      | Reached XP level 6. HP: 31/35 MP: 8/8
  3059 | D:3      | Noticed Robin
  3063 | D:3      | 3063 ||| Stepping ~*~*~tactically~*~*~ (outnumbered).
  3065 | D:3      | 3065 ||| Stepping ~*~*~tactically~*~*~ (outnumbered).
  3073 | D:3      | Killed Robin
  3317 | D:3      | 3317 ||| UPGRADING to +0 helmet.
  3322 | D:3      | 3322 ||| UPGRADING to +0 pair of boots.
  3511 | D:4      | Noticed Ijyb
  3516 | D:4      | 3516 ||| DRINKING potion of curing.
  3516 | D:4      | 3516 ||| (to cure confusion)
  3566 | D:4      | Killed Ijyb
  3580 | D:4      | Found a runed translucent gate.
  3580 | D:4      | Found a runed translucent gate.
  3580 | D:4      | Found a runed translucent gate.
  3675 | D:4      | Reached skill level 1 in Armour
  3871 | D:4      | Noticed an ice beast
  3935 | D:4      | Noticed qw's ghost (amateur DEHu)
  3935 | D:4      | Noticed an ice beast
  4084 | D:4      | 4084 ||| READING scroll labelled RUDOOF YCEGUVE.
  4112 | D:5      | Entered Level 5 of the Dungeon
  4133 | D:5      | 4133 ||| STAIRDANCE
  4139 | D:4      | Reached skill level 10 in Ranged Weapons
  4150 | D:4      | Reached skill level 3 in Dodging
  4289 | D:5      | Found an iron altar of Okawaru.
  4290 | D:5      | 4290 ||| PLANNING OKAWARU WORSHIP
  4295 | D:5      | Became a worshipper of Warmaster Okawaru
  4296 | D:5      | 4296 ||| PLANNING D:1-11
  4308 | D:5      | Noticed a yak
  4313 | D:5      | Noticed a yak
  4314 | D:5      | Noticed a yak
  4316 | D:5      | Noticed a yak
  4318 | D:5      | Noticed a yak
  4321 | D:5      | Killed a yak
  4322 | D:5      | Reached XP level 7. HP: 38/40 MP: 9/9
  4324 | D:5      | HP: 10/40 [yak (9)]
  4324 | D:5      | HP: 2/40 [yak (8)]
  4325 | D:5      | 4325 ||| READING 3 scrolls of teleportation.
  4325 | D:5      | Succumbed to a scorpion's poison

Levels and vault maps discovered:
D:1:      elethiomel_arrival_infinity_welcomes_careful_drivers, layout_basic,
          shapermc_ecumenical_altar_mp_vishouse, serial_shops,
          nicolae_diamond_shop
D:2:      layout_basic, minmay_pentomino_p2
D:3:      layout_basic, uniq_robin
D:4:      layout_loops_corners, minmay_temple_entry_arrows, gammafunk_ghost_icy,
          nicolae_letterblocks [nicolae_letter_subblock,
          nicolae_letter_subblock, nicolae_letter_subblock,
          nicolae_letter_subblock, nicolae_letter_subblock,
          nicolae_letter_subblock, nicolae_letter_subblock,
          nicolae_letter_subblock, nicolae_letter_subblock,
          nicolae_letter_subblock, nicolae_letter_subblock,
          nicolae_letter_subblock, nicolae_letter_subblock,
          nicolae_letter_subblock, nicolae_letter_subblock,
          nicolae_letter_subblock, nicolae_letter_subblock,
          nicolae_letter_subblock, nicolae_letter_subblock,
          nicolae_letter_subblock, nicolae_letter_subblock,
          nicolae_letter_subblock, nicolae_letter_subblock,
          nicolae_letter_subblock, nicolae_letter_subblock], uniq_ijyb
D:5:      layout_layer_cave, okawaru_metal_pillars_1_2,
          nicolae_sif_muna_condensation, jmf_multi_god_temple2, nicolae_sextant
Temple:   compressed_dpeg_triangle_lava_temple

Skill      XL: |  1  2  3  4  5  6 |
---------------+-------------------+-----
Ranged Weapons | 6 7 9 10 | 10.7
Fighting       | 2 |  2.0
Armour         | 1 |  1.0
Dodging        | 3 |  3.3
Stealth        | |  1.2

Action                     |  1- 3 |  4- 6 |  7- 9 || total
---------------------------+-------+-------+-------++-------
   Fire: Shortbow          |    97 |   227 |     3 ||   327
    Use: Scroll            |     2 |     5 |     1 ||     8
         Potion            |       |     3 |       ||     3
 Armour: Robe              |     9 |       |       ||     9
         Leather armour    |     1 |       |       ||     1
         Ring mail         |       |   100 |     1 ||   101
  Dodge: Dodged            |    19 |    94 |     3 ||   116

Table legend:
 A = Non-vault XP
 B = Vault XP
 C = Vault XP percentage of total XP
 D = Non-vault monster count
 E = Vault monster count
 F = Vault count percentage of total count
                 A         B        C        D         E       F
            +---------+---------+-------+---------+---------+-------
      Total |     806 |      68 |   7.8 |      73 |       9 |  11.0
            +---------+---------+-------+---------+---------+-------
        D:1 |      27 |       0 |   0.0 |      16 |       0 |   0.0
        D:2 |      69 |       5 |   6.8 |      17 |       1 |   5.6
        D:3 |      90 |      27 |  23.1 |      21 |       7 |  25.0
        D:4 |     405 |      36 |   8.2 |      16 |       1 |   5.9
        D:5 |     215 |       0 |   0.0 |       3 |       0 |   0.0
            +---------+---------+-------+---------+---------+-------
